 Dungeon Crawl Stone Soup version 0.16-a0-1858-gba9b1e2 (console) character file.

41 Kellhus the Insei (level 3, -1/23 HPs)
             Began as an Octopode Transmuter on Nov 4, 2014.
             Slain by a jackal (2 damage)
             ... on level 2 of the Dungeon.
             The game lasted 00:03:54 (1619 turns).

Kellhus the Insei (Octopode Transmuter)             Turns: 1619, Time: 00:03:54

Health: -1/23      AC:  1    Str:  9    XL:     3   Next: 52%
Magic:  6/6        EV: 12    Int: 15    God:
Gold:   84         SH:  0    Dex: 13    Spells: 1 memorised, 5 levels left

rFire  . . .     SeeInvis .       - Unarmed
rCold  . . .     Clarity  .     (no shield)
rNeg   . . .     SustAb   .     (helmet restricted)
rPois  .         Gourm    .     (no amulet)
rElec  .         Spirit   .     i - ring of invisibility
rCorr  .         Warding  .     j - ring of flight
rMut   .         Stasis   .     k - ring of protection from magic
MR     +....                    (no ring)
Stlth  ++........               (no ring)
                                (no ring)
                                (no ring)
                                (no ring)

@: somewhat resistant to hostile enchantments, unstealthy
A: almost no armour, amphibious, 8 rings, constrict 8, camouflage 1, gelatinous
body 1
a: Evoke Invisibility, Evoke Flight


You were on level 2 of the Dungeon.
You were not hungry.

You visited 1 branch of the dungeon, and saw 2 of its levels.

You collected 84 gold pieces.

Inventory:

Missiles
 b - 12 arrows
 h - 21 arrows of dispersal
Jewellery
 i - a ring of invisibility (left tentacle)
 j - a ring of flight (right tentacle)
 k - a ring of protection from magic (on tentacle)
Scrolls
 e - 2 scrolls of magic mapping {unknown}
 g - a scroll of enchant armour {unknown}
 m - 2 scrolls of identify {unknown}
 o - a scroll of random uselessness {unknown}
 p - a scroll of immolation {unknown}
 q - a scroll of enchant weapon {unknown}
Potions
 f - a potion of restore abilities {unknown}
 l - 2 potions of cancellation {unknown}
Books
 d - a book of Changes

   Spells                             Type                      Level
   *Beastly Appendage                 Transmutation                1
   Sticks to Snakes                   Transmutation                2
   Spider Form                        Transmutation/Poison         3
   Ice Form                           Ice/Transmutation            4
   Blade Hands                        Transmutation                5
Comestibles
 a - a bread ration
 c - a meat ration
 n - a chunk of flesh
 r - a royal jelly


   Skills:
 - Level 1.0 Fighting
 - Level 2.0 Dodging
 + Level 4.4 Unarmed Combat
 - Level 2.0 Spellcasting
 - Level 2.0 Transmutations


You had 5 spell levels left.
You knew the following spells:

 Your Spells              Type           Power        Failure   Level  Hunger
a - Beastly Appendage     Trmt           #.....       12%         1    #......


Dungeon Overview and Level Annotations

Branches:
Dungeon (2/15)

Altars:
Fedhas


Innate Abilities, Weirdness & Mutations

You cannot wear most types of armour.
You are amphibious.
You can wear up to eight rings at the same time.
You can use your tentacles to constrict many enemies at once.
Your skin changes colour to match your surroundings (Stealth).
Your rubbery body absorbs attacks (AC +1).


Message History

The rat misses you. The jackal bites you.
You closely miss the jackal. Your grab misses the jackal.
Your squeeze misses the jackal.
You constrict the jackal, but do no damage.
The jackal bites you. The rat bites you. The jackal barely misses you.
The jackal closely misses you.
You barely miss the jackal. You grab the jackal.
You constrict the jackal, but do no damage.
You constrict the jackal. The jackal bites you. The jackal barely misses you.
The rat bites you.
* * * LOW HITPOINT WARNING * * *
You tentacle-slap the jackal.
The jackal is severely wounded.
You constrict the jackal. x2
The jackal completely misses you. The jackal bites you.
* * * LOW HITPOINT WARNING * * *
The rat bites you.
* * * LOW HITPOINT WARNING * * *
The jackal bites you.
You die...

... .#..........#
. ............##
.. ..#######..##
..#.#.## #..#
.....#..######.##
............##.#
..........#.##.#
.......hh.....#.#
#.....r@.....#.#
#####.#..!...#.#
# #####.##.####
#..........#
#..........#
#..........#
#..........#
#..........#
#..........#


You could see 2 jackals and a rat.

Vanquished Creatures
  2 giant geckos (D:1)
  2 oozes (D:1)
  A giant cockroach (D:1)
  7 hobgoblins
  4 bats (D:1)
  2 giant newts (D:1)
  4 goblins
  8 kobolds
  5 rats (D:1)
35 creatures vanquished.

Notes
Turn   | Place    | Note
--------------------------------------------------------------
     0 | D:1      | Kellhus, the Octopode Transmuter, began the quest for the Orb.
     0 | D:1      | Reached XP level 1. HP: 13/13 MP: 3/3
   364 | D:1      | Reached XP level 2. HP: 8/18 MP: 4/4
   825 | D:1      | Reached skill level 4 in Unarmed Combat
   917 | D:1      | Reached XP level 3. HP: 15/23 MP: 6/6
  1522 | D:2      | Found a blossoming altar of Fedhas.
  1619 | D:2      | HP: 1/23 [rat (2)]
  1619 | D:2      | Slain by a jackal

Action                   || total
-------------------------++-------
Melee: Unarmed           ||    92
  Use: Potion            ||     1
 Stab: Sleeping          ||     5
       Distracted        ||     1
  Eat: Chunk             ||     2
